Map: Ever Dream LE

Players

Yaoung

  • Race: Zerg Zerg
  • League: Platinum
  • Spawn Location: 7:00

DeadLord - Winner!

  • Race: Protoss Protoss
  • Spawn Location: 1:00

VOD

Have the link to the VOD?

Description

Time

  • Played on: Sept. 3, 2020, 3:20 p.m.
  • Length: 13:48
Show
View Real Time Build Order
Export as new Build Order

Yaoung Zerg 

Build Orders: Hatch First 

Get SALT Encoding   

  12  0:02  Drone  
  13  0:13  Overlord  
  13  0:17  Drone  
  14  0:31  Drone x2  
  16  0:36  Drone  
  17  0:54  Hatchery  
  17  0:56  Drone  
  17  0:59  Drone  
  18  1:09  Extractor  
  17  1:12  Extractor  
  17  1:14  Drone  
  17  1:21  Spawning Pool  
  17  1:23  Drone  
  17  1:28  Drone  
  18  1:47  Drone  
  19  1:55  Drone  
  20  2:08  Zergling x2  
  21  2:11  Zergling x2  
  21  2:13  Metabolic Boost  
  21  2:14  Zergling x2  
  23  2:16  Overlord  
  23  2:18  Queen  
  23  2:20  Queen  
  27  2:26  Drone  
  28  2:33  Overlord  
  29  2:51  Zergling x2  
  29  2:55  Zergling x2  
  29  2:57  Hatchery  
  29  2:58  Zergling x2  
  30  3:04  Drone  
  31  3:09  Drone  
  31  3:10  Overlord  
  32  3:19  Overlord  
  32  3:29  Drone x2  
  32  3:30  Drone  
  35  3:41  Drone  
  35  3:42  Drone  
  35  3:47  Drone  
  38  3:54  Overlord  
  38  3:55  Overlord  
  38  4:01  Drone x2  
  40  4:11  Drone x2  
  40  4:12  Drone  
  43  4:26  Hatchery  
  42  4:51  Zergling x2  
  42  4:52  Drone, Zergling x4  
  46  4:53  Drone x5  
  51  5:07  Extractor  
  51  5:08  Extractor  
  51  5:09  Drone x3  
  51  5:13  Drone  
  51  5:14  Drone x2  
  55  5:33  Drone x2  
  55  5:34  Drone  
  58  5:39  Drone x2  
  60  5:55  Drone x2  
  62  5:59  Drone  
  62  6:01  Drone  
  64  6:16  Drone x3  
  64  6:17  Drone x2  
  64  6:18  Drone  
  70  6:29  Extractor  
  70  6:30  Extractor  
  68  6:39  Hatchery  
  67  6:41  Drone x2, Extractor  
  67  6:42  Drone x3  
  67  6:43  Drone x2  
  73  6:47  Hatchery  
  72  6:56  Extractor  
  71  7:01  Drone x2  
  71  7:02  Drone  
  71  7:04  Extractor  
  71  7:05  Lair  
  71  7:07  Extractor  
  72  7:13  Baneling Nest  
  71  7:24  Spore Crawler, Drone  
  71  7:25  Drone x3, Overlord  
  71  7:26  Spore Crawler x2, Overlord  
  72  7:36  Drone x3  
  76  7:37  Drone  
  76  8:09  Drone x4  
  76  8:11  Overlord x2  
  76  8:12  Overlord x6  
  80  8:14  Hatchery  
  80  8:17  Hatchery  
  78  8:29  Spire, Extractor  
  78  8:31  Hatchery  
  78  8:32  Spire  
  78  8:33  Centrifical Hooks, Extractor  
  73  8:34  Hatchery  
  72  8:41  Evolution Chamber  
  72  8:42  Evolution Chamber  
  72  8:46  Spore Crawler  
  72  8:47  Spore Crawler  
  68  9:12  Hatchery  
  67  9:31  Hatchery  
  67  9:34  Infestation Pit  
  67  9:36  Hatchery  
  64  9:40  Hydralisk Den  
  64  9:45  Zerg Flyer Weapons Level 1  
  63  9:46  Zerg Flyer Armor Level 1  
  63  9:50  Spire  
  63  9:52  Corruptor x3  
  62  9:53  Corruptor x6  
  62  9:54  Corruptor x5  
  62  9:55  Corruptor x2  
  94  10:05  Drone x6  
  94  10:06  Drone x2  
  102  10:10  Corruptor  
  102  10:11  Corruptor  
  106  10:17  Hive  
  106  10:39  Corruptor x2  
  106  10:40  Corruptor x2  
  106  10:41  Corruptor  
  116  11:01  Corruptor x4  
  116  11:03  Corruptor  
  124  11:09  Corruptor  
  128  11:18  Corruptor x2  
  132  11:26  Infestor  
  130  11:58  Viper x2  
  130  11:59  Viper  
  131  12:22  Viper x2  
Show
View Real Time Build Order
Export as new Build Order

DeadLord Protoss - Winner!

Build Orders: Carriers 

Get SALT Encoding   

  12  0:00  Probe  
  13  0:12  Probe  
  14  0:18  Pylon  
  14  0:24  Probe  
  15  0:36  Assimilator  
  15  0:38  Probe  
  15  0:40  Assimilator  
  16  0:50  Probe  
  17  1:02  Probe  
  18  1:15  Nexus  
  18  1:19  Probe (Chrono Boost)  
  19  1:31  Probe (Chrono Boost)  
  20  1:38  Probe (Chrono Boost)  
  21  1:45  Gateway  
  21  1:46  Probe  
  22  1:58  Probe  
  23  2:17  Pylon  
  23  2:27  Probe  
  24  2:36  Probe (Chrono Boost), Cybernetics Core  
  25  2:39  Probe (Chrono Boost)  
  25  2:41  Assimilator  
  25  2:43  Assimilator  
  26  2:48  Probe (Chrono Boost)  
  26  2:50  Probe (Chrono Boost)  
  28  2:53  Probe (Chrono Boost)  
  28  2:55  Probe (Chrono Boost)  
  28  2:58  Cybernetics Core  
  30  3:01  Pylon  
  30  3:02  Probe, Pylon  
  31  3:08  Probe  
  32  3:14  Probe  
  33  3:20  Probe  
  33  3:26  Probe  
  35  3:32  Probe  
  36  3:35  Stargate  
  36  3:38  Probe  
  36  3:39  Stargate  
  37  3:54  Stargate  
  37  3:55  Stargate  
  37  3:56  Pylon  
  37  4:13  Void Ray, Protoss Air Weapons Level 1  
  37  4:14  Probe (Chrono Boost)  
  37  4:15  Probe (Chrono Boost)  
  37  4:16  Protoss Air Armor Level 1  
  39  4:20  Void Ray  
  45  4:24  Probe x2 (Chrono Boost)  
  49  4:36  Void Ray  
  49  4:38  Void Ray  
  57  4:55  Fleet Beacon  
  57  4:59  Void Ray  
  61  5:15  Gateway  
  61  5:16  Void Ray  
  61  5:20  Gateway  
  61  5:22  Gateway  
  65  5:41  Pylon  
  65  5:43  Pylon  
  65  5:44  Pylon  
  65  5:45  Void Ray  
  65  5:46  Pylon  
  65  5:56  Unknown  
  69  6:02  Carrier  
  75  6:17  Nexus  
  75  6:22  Assimilator  
  75  6:26  Assimilator  
  75  6:29  Probe x2  
  77  6:41  Probe x2  
  79  6:53  Probe x2, Protoss Air Weapons Level 2  
  81  7:00  Protoss Air Armor Level 2  
  81  7:05  Probe x2  
  83  7:08  Carrier  
  89  7:17  Probe x2  
  91  7:29  Probe  
  93  7:30  Probe  
  93  7:32  Probe  
  94  7:37  Carrier  
  94  7:41  Probe  
  94  7:42  Probe  
  102  7:44  Probe  
  102  7:47  Void Ray  
  102  7:48  Void Ray  
  103  7:54  Probe x2  
  103  7:56  Probe  
  114  8:06  Pylon  
  114  8:07  Pylon  
  114  8:08  Pylon  
  114  8:10  Pylon  
  114  8:12  Pylon  
  114  8:18  Void Ray  
  114  8:26  Void Ray  
  118  8:33  Carrier  
  128  8:35  Void Ray  
  132  8:55  Pylon  
  132  8:57  Pylon  
  132  8:58  Pylon  
  132  8:59  Pylon  
  132  9:01  Carrier  
  138  9:09  Carrier  
  144  9:24  Zealot x3  
  148  9:26  Zealot  
  152  9:38  Protoss Air Weapons Level 3  
  152  9:39  Void Ray  
  156  9:46  Void Ray  
  156  9:51  Zealot x3  
  166  9:55  Protoss Air Armor Level 3  
  166  10:00  Void Ray  
  170  10:10  Void Ray  
  170  10:11  Pylon  
  170  10:12  Pylon  
  170  10:13  Pylon  
  174  10:25  Carrier  
  180  10:38  Void Ray  
  180  10:40  Zealot  
  180  10:41  Zealot  
  184  10:43  Zealot x2  
  184  10:44  Void Ray  
  196  10:52  Void Ray  
  182  12:41  Void Ray  
  182  12:42  Void Ray x3  
Tags
 
Composition
Carriers
League
Platinum
Matchup
PvZ
Spawn Locations
Cross Positions
Add a new tag
Caveats
  • Supply blocks, unpowered buildings, or Contaminate may cause inaccurate times.
  • Supply counts are checked every 10 seconds.